 Dungeon Crawl Stone Soup version 0.18-a0-1303-g41c131c (webtiles) character file.

384535 Ijustatesigmund the Warrior (level 22, -4/203 HPs)
             Began as a Demonspawn Berserker on Feb 11, 2016.
             Was the Champion of Trog.
             Killed from afar by a deep elf annihilator (64 damage)
             ... with a crystal spear
             ... on level 3 of the Elven Halls on Feb 12, 2016.
             The game lasted 04:04:55 (41727 turns).

Ijustatesigmund the Warrior (Demonspawn Berserker) Turns: 41727, Time: 04:04:55

Health: -4/203     AC: 36    Str: 24      XL:     22   Next: 25%
Magic:  32/32      EV: 25    Int:  9 (10) God:    Trog [******]
Gold:   1877       SH:  8    Dex: 30      Spells: 0 memorised, 21 levels left

rFire  . . .     SeeInvis .     g - +4 executioner's axe of Guaqur {elec, Int+4 Dex+5}
rCold  + + +     Gourm    .     b - +1 plate armour of Insatiable Hunger {rC++ Slay+2 Stlth+}
rNeg   . . .     Faith    .     (shield currently unavailable)
rPois  +         Spirit   .     (helmet unavailable)
rElec  +         Dismiss  .     F - +2 cloak of Starlight {rElec rC+ EV+4 Stlth--}
rCorr  .         Reflect  +     S - +2 pair of gloves {archery}
SustAt .         Harm     .     Q - +2 pair of boots {run}
MR     +++..                    p - brooch of Shielding {Reflect SH+8}
Stlth  +.........               T - +6 ring of dexterity
                                L - +5 ring of slaying

@: about to teleport, regenerating, quick, extremely resistant to hostile
enchantments, very unstealthy
A: horns 3, talons 1, iridescent scales 3, demonic guardian 2, deterioration 1,
dopey 1, poison resistance, powered by death 3, robust 1, strong 1, augmentation
2
a: Berserk, Trog's Hand, Brothers in Arms, Burn Spellbooks, Renounce Religion
}: 1/15 runes: gossamer


You were on level 3 of the Elven Halls.
You worshipped Trog.
Trog was exalted by your worship.
You were hungry.

You visited 7 branches of the dungeon, and saw 37 of its levels.
You visited the Abyss 1 time.
You also visited: Labyrinth, Sewer, Ossuary, Ice Cave and Wizlab.

You collected 4483 gold pieces.
You spent 2606 gold pieces at shops.

Inventory:

Hand Weapons
 e - the +8 hand axe of Exoneration {flame, Dex+6}
   (You found it on level 12 of the Dungeon)

   It has been specially enchanted to burn those struck by it, causing extra
   injury to most foes and up to half again as much damage against particularly
   susceptible opponents.
   Big, fiery blades are also staple armaments of hydra-hunters.
   It affects your dexterity (+6).
 g - the +4 executioner's axe of Guaqur (weapon) {elec, Int+4 Dex+5}
   (Trog gifted it to you on level 4 of the Spider Nest)

   Occasionally, upon striking a foe, it will discharge some electrical energy
   and cause terrible harm.
   It affects your intelligence (+4).
   It affects your dexterity (+5).
 B - the +6 arbalest "Hellfire" {hellfire, rF++ rC- MR+}
   (You found it in a labyrinth)

   It greatly protects you from fire.
   It makes you vulnerable to cold.
   It affects your resistance to hostile enchantments.
Missiles
 a - 770 bolts
 n - 9 bolts of penetration
 u - 13 javelins of penetration (quivered)
 w - 29 silver bolts
 Y - 4 silver javelins
Armour
 b - the +1 plate armour of Insatiable Hunger (worn) {rC++ Slay+2 Stlth+}
   (You found it on level 3 of the Spider Nest)

   It affects your accuracy and damage with ranged weapons and melee attacks
   (+2).
   It greatly protects you from cold.
   It makes you more stealthy.
 C - a +2 cloak of poison resistance
 F - the +2 cloak of Starlight (worn) {rElec rC+ EV+4 Stlth--}
   (You found it in a wizard's laboratory)

   It affects your evasion (+4).
   It protects you from cold.
   It insulates you from electricity.
   It makes you much less stealthy.
 Q - a +2 pair of boots of running (worn)
 S - a +2 pair of gloves of archery (worn)
Jewellery
 p - the brooch of Shielding (around neck) {Reflect SH+8}
   (You bought it in a shop on level 2 of the Orcish Mines)

   [amulet of reflection]

   It shields you and reflects attacks.
   It affects your SH (+8).
 s - an uncursed ring of resist corrosion
 L - a +5 ring of slaying (left hand)
 T - a +6 ring of dexterity (right hand)
 W - an uncursed ring of positive energy
Wands
 d - a wand of digging (8/24)
 j - a wand of lightning (6/15)
 m - a wand of iceblast (10/15)
 H - a wand of teleportation (2/9)
 M - a wand of heal wounds (5/9)
 R - a wand of hasting (7/9)
 U - a wand of acid (6/15)
 V - a wand of heal wounds (3/9)
 X - a wand of teleportation (6/9)
Scrolls
 f - a scroll of recharging
 o - 4 scrolls of blinking
 r - 20 scrolls of remove curse
 x - a scroll of silence
 y - 7 scrolls of identify
 J - 2 scrolls of summoning
 K - 2 scrolls of fog
 N - a scroll of enchant weapon
 O - 4 scrolls of fear
 P - 9 scrolls of teleportation
 Z - 2 scrolls of enchant armour
Potions
 c - 3 potions of invisibility
 k - 6 potions of agility
 l - 6 potions of flight
 z - 2 potions of berserk rage
 A - a potion of resistance
 D - 6 potions of curing
 E - 8 potions of brilliance
Miscellaneous
 G - 2 phantom mirrors
 I - a disc of storms
Comestibles
 i - 23 meat rations
 t - 23 bread rations


   Skills:
 + Level 18.5 Fighting
 - Level 18.4 Axes
 + Level 11.2 Crossbows
 - Level 7.2 Throwing
 - Level 14.6 Armour
 - Level 14.3 Dodging
 + Level 13.7 Stealth
 - Level 14.0 Evocations


You had 21 spell levels left.
You didn't know any spells.

Dungeon Overview and Level Annotations

Branches:
Dungeon (15/15)            Temple (0/1) D:4            Lair (8/8) D:9
  Swamp (0/4) Lair:4       Spider (4/4) Lair:4        Slime (0/6) Lair:8
    Orc (2/2) D:9             Elf (3/3) Orc:2        Vaults (4/5) D:13
  Crypt (0/3) Vaults:3     Depths (1/5) D:15

Altars:
Ashenzari
Cheibriados
Dithmenos
Fedhas
Makhleb
Nemelex Xobeh
Qazlal
Ru
Sif Muna
Xom
The Shining One
Beogh
Jiyva

Shops:
D:7 *   D:9 *   D:12 ?}?   D:13 ([}[:   Orc:2 (=[*:   Vaults:3 =

Portals:
Hell: Depths:1


Innate Abilities, Weirdness & Mutations

You have a pair of large horns on your head.
You are completely covered in iridescent scales (AC +8).
A demonic guardian rushes to your aid.
You regenerate a lot of health from kills.
Your magical and physical power is enhanced at high health.
You have sharp toenails.
Your body sometimes deteriorates upon taking damage.
You are dopey. (Int -2)
Your system is resistant to poisons.
You are robust (+10% HP).
Your muscles are strong. (Str +2)


Message History

The fireball engulfs the deep elf elementalist.
The deep elf elementalist dies!
The deep elf high priest says, "Oblivion to the unbeliever."
The deep elf high priest prays to its god.
The deep elf annihilator casts a spell.
The deep elf annihilator blinks!
The deep elf demonologist mumbles some strange words.
You hear a shout!
A deep elf high priest comes into view. It is wielding a scimitar.
Read which item? (? for menu, Esc to quit)
As you read the scroll of teleportation, it crumbles to dust.
You feel strangely unstable.
The soul eater disappears in a puff of smoke!
The deep elf mage mumbles some strange words.
The deep elf high priest mumbles some strange prayers to its god.
The deep elf high priest begins emitting a brilliant aura!
The redback completely misses you.
The deep elf annihilator casts a spell at you.
The crystal spear hits you!
You die...

'........... #..#...#
#........... #..#...#
####'#####################..#...#
...............)............#...#
............................#...#
#############################...#
.................e...... .#
..........(....).)......
.(.....)).(((.()@)......
..##.....########s######
..####.#.#


er. ..# ##### e34.. ..# es4.... ..# 4####.. ..# ee # ..# e( ..# You could see a
deep elf annihilator, a deep elf sorcerer, a deep elf demonologist, 2 orange
demons, 3 deep elf high priests, a hellwing, a deep elf mage, a smoke demon, 2
redbacks and a hell rat.

Vanquished Creatures
  Saint Roka (Vaults:1)
  2 bone dragons (Abyss:3)
  2 liches (Depths:1)
  Rupert (Lair:3)
  2 deep elf blademasters
  A titan (Depths:1)
  2 deep elf master archers (Elf:3)
  Asterion (Vaults:1)
  An eldritch tentacle (WizLab)
  8 tentacled starspawn
  A sphinx (Vaults:1)
  Kirke (D:13)
  A shadow dragon (Abyss:3)
  Wiglaf (Spider:2)
  Aizul (Spider:2)
  6 frost giants
  3 ghost moths (Spider:4)
  4 fire giants
  An orc warlord (Orc:1)
  2 deep elf elementalists (Elf:3)
  A cacodemon (Abyss:2)
  2 deep elf sorcerers
  9 vault wardens
  6 emperor scorpions
  9 ironheart preservers
  6 very ugly things
  3 salamander stormcallers
  10 stone giants
  5 deep elf demonologists
  2 black draconians (Abyss:3)
  2 deep elf annihilators (Elf:3)
  A red draconian (Abyss:3)
  2 spark wasps (Spider:4)
  A mottled draconian (WizLab)
  2 eidola
  2 ettins
  4 deep elf death magi
  A merfolk javelineer (Depths:1)
  Snorg (D:13)
  2 fire dragons
  A minotaur (Lab)
  2 blizzard demons (IceCv)
  A merfolk impaler (Depths:1)
  Erolcha (D:13)
  4 rakshasas
  4 vault guards
  2 entropy weavers
  2 deep elf high priests
  2 great orbs of eyes
  6 yaktaur captains
  2 ice dragons (Depths:1)
  2 catoblepae
  7 centaur warriors
  A naga warrior (Abyss:3)
  6 hydras
  4 deep troll shamans
  26 dancing weapons
  A death knight (Vaults:4)
  11 ogre magi
  9 thrashing horrors
  4 deep troll earth magi
  3 hell hogs (Abyss:3)
  14 deep elf knights
  A vampire mage (Vaults:3)
  4 orc high priests
  A tengu warrior (D:14)
  Sonja (D:12)
  3 sun demons
  5 hell knights (Depths:1)
  5 skeletal warriors (D:14)
  7 wretched stars
  2 unseen horrors (Vaults:1)
  2 shadow demons (Abyss:3)
  2 spatial maelstroms (Abyss:3)
  3 flayed ghosts
  33 starcursed masses
  An obsidian statue (WizLab)
  7 deep trolls
  4 wizards
  5 harpies (Vaults:2)
  9 deep elf archers
  17 orc knights
  4 hill giants
  A harpy (shapeshifter) (Vaults:2)
  A hill giant (shapeshifter) (Vaults:4)
  11 ironbrand convokers
  36 deep elf magi
  6 orc sorcerers
  2 necromancers
  5 griffons
  24 wolf spiders
  2 salamanders (Abyss:3)
  A wolf spider (shapeshifter) (Elf:3)
  12 orb spiders
  3 worldbinders
  42 ugly things
  15 cyclopes
  11 elephants
  2 moths of wrath
  7 hornets
  3 sixfirhies
  A guardian serpent (WizLab)
  17 vault sentinels
  A fire giant skeleton (Abyss:2)
  A rust devil (Abyss:3)
  Maurice (D:12)
  An apocalypse crab (Abyss:3)
  3 black mambas
  8 torpor snails
  10 smoke demons
  An ice statue (Lair:6)
  6 orange demons
  3 gargoyles
  A spiny frog (shapeshifter) (Vaults:1)
  A yellow draconian zombie (Abyss:2)
  19 spiny frogs
  5 komodo dragons
  A fire drake (Lair:7)
  3 hellions
  9 ice devils
  2 efreet
  2 kobold demonologists
  2 hellwings
  38 yaktaurs
  3 anaconda simulacra (IceCv)
  25 demonic crawlers
  A tormentor (WizLab)
  8 freezing wraiths
  3 red devils
  A jumping spider (shapeshifter) (D:15)
  4 polar bears
  5 ancient zymes
  3 giant leeches (Lair:8)
  A tengu conjurer (D:14)
  12 trolls
  17 two-headed ogres
  34 jumping spiders
  A wolf spider simulacrum (IceCv)
  A hornet zombie (D:15)
  2 snapping turtles (shapeshifter)
  10 raiju
  3 boulder beetles
  34 blink frogs
  11 slime creatures
  2 human simulacra
  4 dire elephant simulacra (IceCv)
  An alligator zombie (Abyss:2)
  2 vampires
  57 redbacks
  2 air elementals
  14 flying skulls
  7 water elementals
  2 wyverns
  5 ynoxinuls
  24 yaks
  29 tarantellas
  6 wraiths
  3 fire elementals
  3 hogs (D:13)
  5 neqoxecs
  5 hippogriffs
  25 large abominations
  A basilisk (Spider:4)
  A human (shapeshifter) (Vaults:4)
  A hippogriff (shapeshifter) (Vaults:2)
  23 vampire mosquitoes
  3 chaos spawn
  11 wolves
  2 death yak simulacra (IceCv)
  2 harpy simulacra (IceCv)
  5 hungry ghosts
  4 spatial vortices
  4 wargs
  4 insubstantial wisps (WizLab)
  A mottled dragon (D:11)
  11 water moccasins
  2 iron troll simulacra (IceCv)
  A soldier ant (D:13)
  7 hell hounds
  9 porcupines
  A hydra simulacrum (IceCv)
  A soldier ant (shapeshifter) (Vaults:1)
  51 orc warriors
  2 ice beasts
  5 sky beasts
  A black bear (shapeshifter) (Vaults:2)
  4 wasps
  2 black bears
  4 phantoms
  2 ettin simulacra (IceCv)
  47 ogres
  An eye of draining (Abyss:3)
  4 boggarts
  17 centaurs
  19 crocodiles
  3 big kobolds
  A big kobold (shapeshifter) (Vaults:4)
  The ghost of YrmMerkstave the Gusty, an amateur TeAE (D:3)
  3 earth elementals
  41 giant frogs
  A spriggan zombie (Abyss:2)
  23 small abominations
  5 scorpions
  14 killer bees
  7 wights
  11 electric eels
  4 lava snakes (Lab)
  2 giant frog zombies
  10 crimson imps
  8 quasits
  3 centaur zombies
  3 draconian simulacra (IceCv)
  3 hounds
  10 jellies
  3 giant frog skeletons
  36 orc priests
  2 centaur skeletons
  32 orc wizards
  4 iron imps
  Jessica (D:2)
  Natasha (D:2)
  10 iguanas
  13 worker ants
  6 troll simulacra (IceCv)
  18 sheep
  5 big kobold zombies (Ossuary)
  2 centaur simulacra (IceCv)
  An ogre skeleton (Lab)
  A mummy (Ossuary)
  7 gnolls (D:2)
  A naga simulacrum (IceCv)
  An ogre simulacrum (IceCv)
  35 river rats
  9 adders
  5 shadow imps
  6 white imps
  5 ufetubi
  An adder skeleton (D:8)
  An adder zombie (D:7)
  3 worms
  3 giant geckos (D:3)
  138 orcs
  2 spectral bats (Ossuary)
  3 ball pythons
  3 bats
  8 giant cockroaches
  9 goblins
  7 hobgoblins
  21 jackals
  3 quokkas
  4 giant newts
  6 gnoll zombies (Ossuary)
  7 goblin simulacra (Ossuary)
  4 goblin zombies (Ossuary)
  5 hobgoblin zombies (Ossuary)
  17 kobolds
  7 kobold simulacra (Ossuary)
  3 kobold zombies (Ossuary)
  7 orc zombies
  7 rats
  2 rat simulacra (Ossuary)
  5 spectral goblins (Ossuary)
  A spectral kobold (Ossuary)
  6 spectral rats (Ossuary)
  A crawling corpse (Elf:3)
  2 fire vortices (Abyss:3)
  16 fungi
  3 lurking horrors
  11 plants
  11 starspawn tentacles
1976 creatures vanquished.

Vanquished Creatures (collateral kills)
  Nikola (Depths:1)
  Arachne (Spider:2)
  2 tentacled starspawn
  A fire giant (Depths:1)
  5 vault wardens
  An emperor scorpion (Spider:4)
  An ironheart preserver (Vaults:4)
  3 very ugly things
  A spark wasp (Spider:4)
  An ettin (Depths:1)
  A vault guard (Vaults:2)
  A hydra (Lair:7)
  2 centaur warriors
  A dancing weapon (Elf:2)
  2 ogre magi
  An orc high priest (Orc:2)
  Nergalle (D:11)
  A deep elf knight (Elf:2)
  A salamander mystic (Abyss:3)
  2 deep elf archers
  2 giant orange brains (Abyss:3)
  2 ironbrand convokers
  A deep troll (Depths:1)
  A hill giant (D:12)
  5 wolf spiders
  6 orb spiders
  A cyclops (D:12)
  A deep elf mage (Elf:2)
  A hornet (Spider:4)
  5 ugly things
  A worldbinder (Abyss:3)
  An elephant (Lair:5)
  A centaur zombie (D:10)
  A black mamba (Lair:1)
  A vault sentinel (Vaults:3)
  A naga mage (Abyss:3)
  A guardian serpent (Abyss:3)
  An orange demon (Abyss:3)
  3 spiny frogs
  A small abomination (Elf:3)
  5 yaktaurs
  4 demonic crawlers
  A polar bear (Vaults:4)
  A troll (Vaults:1)
  3 jumping spiders
  A large abomination (Abyss:3)
  8 two-headed ogres
  2 giant leeches (Lair:8)
  A boulder beetle (Vaults:3)
  4 blink frogs
  A tarantella (Spider:1)
  A ynoxinul (Abyss:3)
  6 redbacks
  A hog (D:7)
  A basilisk (D:9)
  17 yaks
  7 humans (D:7)
  A vampire mosquito (Lair:8)
  A neqoxec (Abyss:3)
  A spatial vortex (Abyss:3)
  A chaos spawn (Abyss:2)
  An insubstantial wisp (Abyss:2)
  A wolf (shapeshifter) (Depths:1)
  Edmund (D:6)
  A porcupine (D:9)
  8 orc warriors
  A phantom (D:13)
  2 ice beasts
  A sky beast (D:5)
  8 ogres
  A crocodile (D:9)
  2 giant frogs
  A killer bee (D:10)
  A human simulacrum (Vaults:3)
  A wight (D:9)
  2 electric eels (Lair:8)
  An orc priest (D:3)
  2 hounds (D:7)
  2 orc wizards
  An iguana (Lair:6)
  Natasha (D:2)
  4 sheep (D:7)
  An adder (D:3)
  A river rat (D:9)
  A white imp (Vaults:4)
  12 orcs
  A bat (D:3)
  A giant cockroach (D:3)
  A goblin (D:2)
  2 rats
  A fungus (D:12)
199 creatures vanquished.

Vanquished Creatures (others)
  A fire giant (Depths:1)
  A deep elf elementalist (Elf:3)
  An ironheart preserver (Vaults:2)
  2 deep elf high priests (Elf:3)
  An ogre mage (Vaults:1)
  A vampire mage (Vaults:3)
  A deep elf knight (Elf:3)
  An unseen horror (Vaults:1)
  A deep elf mage (Elf:3)
  5 yaktaurs
  A two-headed ogre (Vaults:3)
  A human (D:13)
  A vampire mosquito (Spider:1)
  A hydra simulacrum (IceCv)
  A boggart (D:15)
  2 ogres
  3 centaurs
  An orc priest (Orc:2)
  2 orc wizards
  A small abomination (Abyss:3)
  An orc (D:13)
  921 eldritch tentacle segments (WizLab)
  9 fungi
  A lurking horror (Abyss:3)
  2 plants
  14 starspawn tentacles
  114 starspawn tentacle segments (Abyss:3)
1091 creatures vanquished.

Grand Total: 3266 creatures vanquished

Notes
Turn   | Place    | Note
--------------------------------------------------------------
     0 | D:1      | Ijustatesigmund the Demonspawn Berserker began the quest for the Orb.
     0 | D:1      | Reached XP level 1. HP: 18/18 MP: 1/1
    81 | D:1      | Gained mutation: You are partially covered in iridescent scales (AC +4). [demonic ancestry]
    81 | D:1      | Reached XP level 2. HP: 24/24 MP: 2/2
   606 | D:2      | Gained mutation: A weak demonic guardian rushes to your aid. [demonic ancestry]
   606 | D:2      | Reached XP level 3. HP: 27/29 MP: 3/3
   622 | D:2      | Reached ** piety under Trog
   774 | D:2      | Reached XP level 4. HP: 12/36 MP: 4/4
  1348 | D:2      | Noticed Natasha
  1360 | D:2      | Killed Natasha
  1370 | D:2      | Noticed Jessica
  1373 | D:2      | Killed Jessica
  1373 | D:2      | Reached skill level 4 in Fighting
  1373 | D:2      | Gained mutation: A demonic guardian rushes to your aid. [demonic ancestry]
  1373 | D:2      | Reached XP level 5. HP: 36/42 MP: 5/5
  1800 | D:2      | Noticed Natasha
  1809 | D:2      | Killed Natasha
  1907 | D:3      | Reached *** piety under Trog
  1912 | D:3      | Reached XP level 6. HP: 29/49 MP: 6/6
  1994 | D:3      | Reached skill level 5 in Fighting
  2019 | D:3      | Found a glowing drain.
  2048 | Sewer    | Entered a sewer
  2230 | D:3      | Noticed YrmMerkstave's ghost (amateur TeAE)
  2239 | D:3      | Killed YrmMerkstave's ghost
  2239 | D:3      | Reached skill level 5 in Axes
  2275 | D:3      | Found a glowing golden altar of the Shining One.
  2610 | D:3      | Gained mutation: You have a pair of small horns on your head. [demonic ancestry]
  2610 | D:3      | Reached XP level 7. HP: 46/57 MP: 7/7
  2658 | D:4      | Reached **** piety under Trog
  3009 | D:4      | Reached skill level 6 in Fighting
  3120 | D:4      | Found a stormy altar of Qazlal.
  3126 | D:4      | Found a blossoming altar of Fedhas.
  3139 | D:4      | Found a shadowy altar of Dithmenos.
  3344 | D:4      | Found a staircase to the Ecumenical Temple.
  3451 | D:5      | Entered Level 5 of the Dungeon
  3451 | D:5      | Found a sand-covered staircase.
  3506 | Ossuary  | Entered an ossuary
  4107 | D:5      | Reached skill level 7 in Fighting
  4107 | D:5      | Gained mutation: You regenerate a little health from kills. [demonic ancestry]
  4107 | D:5      | Reached XP level 8. HP: 51/67 MP: 8/8
  4171 | D:5      | Received a gift from Trog
  4282 | D:5      | Reached skill level 1 in Throwing
  5148 | D:6      | Reached skill level 8 in Fighting
  5159 | D:6      | HP: 3/68 [poisoned by an orc wizard]
  5485 | D:6      | Noticed Edmund
  5490 | D:6      | Killed Edmund
  5553 | D:6      | Found a sacrificial altar of Ru.
  5577 | D:6      | Gained mutation: You have a pair of horns on your head. [demonic ancestry]
  5577 | D:6      | Reached XP level 9. HP: 67/74 MP: 9/9
  5890 | D:7      | Found Rotam's Assorted Antiques.
  5925 | D:7      | Bought a sapphire potion for 21 gold pieces
  5925 | D:7      | Bought a yellow potion for 21 gold pieces
  5925 | D:7      | Bought a scroll labeled KUYKIRH CAYCU for 24 gold pieces
  5925 | D:7      | Bought a sapphire potion for 21 gold pieces
  5925 | D:7      | Bought a murky emerald potion for 21 gold pieces
  5925 | D:7      | Bought a scroll of identify for 48 gold pieces
  5931 | D:7      | Gained mutation: Your muscles are strong. (Str +2) [potion of mutation]
  5931 | D:7      | Gained mutation: Your system is resistant to poisons. [potion of mutation]
  5931 | D:7      | Gained mutation: You have sharp toenails. [potion of mutation]
  6178 | D:7      | Reached skill level 9 in Fighting
  6179 | D:7      | Reached ***** piety under Trog
  6199 | D:7      | Reached skill level 5 in Throwing
  6211 | D:7      | Received a gift from Trog
  6628 | D:8      | Reached XP level 10. HP: 80/83 MP: 10/10
  6675 | D:8      | Upgraded the game from 0.18-a0-1300-g6e8322c to 0.18-a0-1303-g41c131c
  6796 | D:8      | Found a deep blue altar of Sif Muna.
  6799 | D:8      | Found a sparkling altar of Nemelex Xobeh.
  7071 | D:8      | Found a burning altar of Makhleb.
  7357 | D:9      | Reached skill level 10 in Fighting
  7561 | D:9      | Received a gift from Trog
  7821 | D:9      | Found a staircase to the Orcish Mines.
  7903 | D:9      | Found a shattered altar of Ashenzari.
  7909 | D:9      | Found Cemneun's General Store.
  7939 | D:9      | Bought a scroll of magic mapping for 45 gold pieces
  7939 | D:9      | Bought a scroll of identify for 26 gold pieces
  7997 | D:9      | Reached XP level 11. HP: 52/92 MP: 11/11
  8011 | D:9      | Found a staircase to the Lair.
  8050 | D:9      | Reached skill level 5 in Dodging
  8554 | D:9      | Found a shimmering altar of Xom.
  8669 | D:9      | You fall through a shaft for 2 floors!
  8678 | D:11     | Reached ****** piety under Trog
  8681 | D:11     | Reached skill level 10 in Axes
  8758 | D:10     | Entered Level 10 of the Dungeon
  9024 | D:9      | Reached skill level 5 in Armour
  9027 | D:9      | Reached skill level 11 in Fighting
  9032 | D:9      | Noticed an ogre mage
  9038 | D:9      | Killed an ogre mage
  9045 | D:9      | Received a gift from Trog
  9346 | D:10     | Received a gift from Trog
  9394 | D:10     | Noticed a hill giant
  9404 | D:10     | Killed a hill giant
  9427 | D:10     | Identified the Tome of Dislocated Combat Magic
  9876 | D:11     | Noticed a brown ugly thing
  9886 | D:11     | Killed a brown ugly thing
 10239 | D:11     | Noticed Nergalle
 10245 | D:11     | Killed Nergalle
 10245 | D:11     | Reached skill level 12 in Fighting
 10439 | D:12     | Got a fine hand axe
 10440 | D:12     | Identified the +8 hand axe of Exoneration {flame, Dex+6} (You found it on level 12 of the Dungeon)
 10449 | D:12     | Found Efeecuply's Magic Scroll Boutique.
 10450 | D:12     | Noticed Sonja
 10635 | D:12     | Reached skill level 1 in Stealth
 10648 | D:12     | Reached XP level 12. HP: 59/103 MP: 12/12
 10866 | D:12     | Noticed an eight-headed hydra
 10877 | D:12     | Killed a seven-headed hydra
 10926 | D:12     | Noticed Maurice
 10980 | D:12     | Found Nirr's Gadget Shop.
 11001 | D:12     | Bought a scroll of identify for 26 gold pieces
 11001 | D:12     | Bought a scroll of identify for 26 gold pieces
 11003 | D:12     | Gained mutation: You are robust (+10% HP). [potion of beneficial mutation]
 11017 | D:12     | Killed Sonja
 11017 | D:12     | Reached XP level 13. HP: 116/119 MP: 13/13
 11380 | D:12     | Found Puyreath's Magic Scroll Shop.
 11388 | D:12     | Bought a scroll of identify for 28 gold pieces
 11388 | D:12     | Bought a scroll of identify for 28 gold pieces
 11655 | D:13     | Noticed Erolcha
 11664 | D:13     | Killed Erolcha
 11664 | D:13     | Reached skill level 13 in Fighting
 11747 | D:13     | Found Uxzoekk's Gadget Emporium.
 11759 | D:13     | Found Abor's Antique Armour Shoppe.
 11788 | D:13     | Noticed Kirke
 11797 | D:13     | Killed Kirke
 11797 | D:13     | Received a gift from Trog
 11807 | D:13     | Found a gate to the Vaults.
 11829 | D:13     | Found Zetoc's Book Shop.
 11868 | D:13     | Found a labyrinth entrance.
 11871 | D:13     | Found Wetufa's Antique Armour Shop.
 11874 | D:13     | Noticed Snorg
 11881 | Lab      | Entered a labyrinth
 12223 | Lab      | Noticed a minotaur
 12233 | Lab      | Killed a minotaur
 12292 | Lab      | Identified a scroll of acquirement
 12295 | Lab      | Got a pair of faintly glowing gloves
 12301 | Lab      | Identified the -6 pair of gloves "Roel" {*Confuse rC- rN+++ Str+4} (You acquired it in a labyrinth)
 12315 | D:13     | Killed Snorg
 12428 | D:13     | Bought a faintly glowing chain mail for 294 gold pieces
 12428 | D:13     | Bought a pair of glowing boots for 139 gold pieces
 12438 | D:13     | Identified the +3 chain mail of Sin {MP+9 Str+2} (You bought it in a shop on level 13 of the Dungeon)
 12450 | D:13     | Identified a +0 pair of boots of running (You bought it in a shop on level 13 of the Dungeon)
 12722 | D:13     | Found Pihochu's Weapon Shop.
 13028 | D:12     | Killed Maurice
 13028 | D:12     | Reached skill level 1 in Crossbows
 13145 | Lair:1   | Entered Level 1 of the Lair of Beasts
 14342 | Lair:2   | Reached skill level 14 in Fighting
 14471 | Lair:3   | Noticed Rupert
 14480 | Lair:3   | Killed Rupert
 14626 | Lair:3   | Received a gift from Trog
 15211 | Lair:4   | Gained mutation: You are mostly covered in iridescent scales (AC +6). [demonic ancestry]
 15211 | Lair:4   | Reached XP level 14. HP: 108/132 MP: 14/14
 15260 | Lair:4   | Found a staircase to the Swamp.
 15423 | Lair:4   | Found a hole to the Spider Nest.
 15534 | Spider:1 | Entered Level 1 of the Spider Nest
 15534 | Spider:1 | Noticed an emperor scorpion
 15540 | Lair:4   | Killed an emperor scorpion
 16348 | Lair:5   | Received a gift from Trog
 17105 | Lair:6   | Received a gift from Trog
 17373 | Lair:6   | Identified the Compendium of Quantum Malediction
 17394 | Lair:6   | Reached skill level 1 in Evocations
 18249 | Lair:8   | Entered Level 8 of the Lair of Beasts
 18918 | Lair:8   | Received a gift from Trog
 19300 | Lair:8   | Gained mutation: You regenerate health from kills. [demonic ancestry]
 19300 | Lair:8   | Reached XP level 15. HP: 117/138 MP: 18/18
 19359 | Lair:8   | Reached skill level 15 in Axes
 19505 | Lair:8   | Found a viscous altar of Jiyva.
 19506 | Lair:8   | Found a staircase to the Slime Pits.
 19598 | Lair:8   | Found a snail-covered altar of Cheibriados.
 19620 | Lair:8   | Reached skill level 5 in Evocations
 19669 | Lair:8   | Received a gift from Trog
 20129 | Spider:1 | Received a gift from Trog
 20428 | Spider:1 | Got an amber-encrusted scale mail
 20756 | Spider:1 | Identified the +8 scale mail of Quneifewur {rPois rF+ Dex-5} (You found it on level 1 of the Spider Nest)
 20811 | Spider:2 | Received a gift from Trog
 21116 | Spider:2 | Noticed Arachne
 21137 | Spider:2 | Killed Arachne
 21205 | Spider:2 | Noticed Aizul
 21217 | Spider:2 | Killed Aizul
 21523 | Spider:2 | Noticed Wiglaf
 21531 | Spider:2 | Killed Wiglaf
 21705 | Spider:2 | Found a roughly hewn altar of Beogh.
 21871 | Spider:3 | Reached skill level 10 in Dodging
 22193 | Spider:3 | Received a gift from Trog
 22355 | Spider:3 | Gained mutation: You regenerate a lot of health from kills. [demonic ancestry]
 22355 | Spider:3 | Reached XP level 16. HP: 88/146 MP: 19/19
 22399 | Spider:3 | Reached skill level 10 in Armour
 22422 | Spider:3 | Reached skill level 16 in Axes
 22713 | Spider:3 | Got a crude plate armour
 22877 | Lair:4   | Identified the +1 plate armour of Insatiable Hunger {rC++ Slay+2 Stlth+} (You found it on level 3 of the Spider Nest)
 23046 | Orc:1    | Entered Level 1 of the Orcish Mines
 23064 | Orc:1    | Found a roughly hewn altar of Beogh.
 23216 | Orc:2    | Entered Level 2 of the Orcish Mines
 23358 | Orc:2    | Received a gift from Trog
 23539 | Orc:1    | Received a gift from Trog
 23838 | Orc:2    | Found Oqosac's Book Shop.
 23867 | Orc:2    | Found a staircase to the Elven Halls.
 24207 | Orc:2    | Received a gift from Trog
 24273 | Orc:2    | Received a gift from Trog
 24562 | Orc:2    | Found Otuafum's Antique Armour Emporium.
 24563 | Orc:2    | Found Faosum's Antique Weapon Shoppe.
 24564 | Orc:2    | Found Luoda's General Store.
 24564 | Orc:2    | Found Hatsif's Jewellery Emporium.
 24628 | Orc:2    | Bought a scroll of enchant armour for 90 gold pieces
 24631 | Orc:2    | Bought the brooch of Shielding {Reflect SH+8} for 384 gold pieces
 24742 | Orc:2    | Found a roughly hewn altar of Beogh.
 25219 | D:14     | Got a crude arbalest
 25220 | D:14     | Identified the +5 arbalest of Indignation {venom, Str+2 SInv} (You found it on level 14 of the Dungeon)
 25277 | D:14     | Reached skill level 5 in Crossbows
 25660 | D:15     | Entered Level 15 of the Dungeon
 25857 | D:15     | Received a gift from Trog
 26270 | D:15     | Received a gift from Trog
 26270 | D:15     | Reached skill level 17 in Axes
 26636 | D:15     | Found a staircase to the Depths.
 27018 | Orc:2    | Bought a +5 ring of slaying for 1364 gold pieces
 27308 | Spider:4 | Entered Level 4 of the Spider Nest
 27477 | Spider:4 | Reached XP level 17. HP: 152/152 MP: 20/20
 27483 | Spider:4 | Received a gift from Trog
 27537 | Spider:4 | Got a scorched executioner's axe {god gift}
 27538 | Spider:4 | Identified the +4 executioner's axe of Guaqur {elec, Int+4 Dex+5} (Trog gifted it to you on level 4 of the Spider Nest)
 27671 | Spider:4 | Got a gossamer rune of Zot
 28270 | Spider:4 | Received a gift from Trog
 28662 | Vaults:1 | Entered Level 1 of the Vaults
 28721 | Vaults:1 | Noticed Asterion
 28732 | Vaults:1 | Killed Asterion
 28732 | Vaults:1 | Reached skill level 18 in Axes
 29378 | Vaults:1 | Noticed Saint Roka
 29386 | Vaults:1 | Received a gift from Trog
 29400 | Vaults:1 | Killed Saint Roka
 29400 | Vaults:1 | Reached skill level 10 in Crossbows
 29851 | Vaults:1 | Received a gift from Trog
 29987 | Vaults:1 | Gained mutation: You have a pair of large horns on your head. [demonic ancestry]
 29987 | Vaults:1 | Reached XP level 18. HP: 160/160 MP: 24/24
 30743 | Vaults:2 | Received a gift from Trog
 30855 | Vaults:2 | Reached skill level 10 in Evocations
 31032 | Vaults:2 | Received a gift from Trog
 31879 | Vaults:3 | Reached skill level 15 in Fighting
 31967 | Vaults:3 | Received a gift from Trog
 32018 | Vaults:3 | Found a magical portal.
 32027 | WizLab   | Entered The Roulette of Golubria
 32033 | WizLab   | Found a corrupted altar of Lugonu.
 32136 | WizLab   | Gained mutation: Your magical and physical power is slightly enhanced at high health. [demonic ancestry]
 32136 | WizLab   | Reached XP level 19. HP: 170/170 MP: 27/27
 32201 | WizLab   | Cast into level 2 of the Abyss (rakshasa)
 32201 | Abyss:2  | Found a corrupted altar of Lugonu.
 32258 | Abyss:2  | Received a gift from Trog
 32300 | Abyss:2  | Gained mutation: Your body sometimes deteriorates upon taking damage. [a cacodemon]
 32758 | Abyss:2  | Received a gift from Trog
 32928 | Abyss:2  | Found an opulent altar of Gozag.
 32972 | Abyss:3  | Found a viscous altar of Jiyva.
 33230 | Abyss:3  | Gained mutation: You are dopey. (Int -2) [a neqoxec]
 33600 | Abyss:3  | Noticed a bone dragon
 33608 | Abyss:3  | Killed a bone dragon
 33654 | Abyss:3  | Received a gift from Trog
 34174 | Abyss:3  | Gained mutation: You are completely covered in iridescent scales (AC +8). [demonic ancestry]
 34174 | Abyss:3  | Reached XP level 20. HP: 142/147 MP: 30/30
 34225 | Abyss:3  | Received a gift from Trog
 34398 | Abyss:3  | Noticed a bone dragon
 34407 | Abyss:3  | Received a gift from Trog
 34413 | Abyss:3  | Killed a bone dragon
 34475 | WizLab   | Escaped the Abyss
 34501 | WizLab   | Identified a +1 pair of boots of running (You found it in a wizard's laboratory)
 34592 | WizLab   | Got a bloodstained cloak
 34593 | WizLab   | Identified the cursed +0 cloak "Axach" {*Drain rPois rF- Stlth+} (You found it in a wizard's laboratory)
 34797 | WizLab   | Found a corrupted altar of Lugonu.
 34937 | Vaults:3 | Received a gift from Trog
 34939 | Vaults:3 | Reached skill level 5 in Stealth
 34953 | Vaults:3 | Received a gift from Trog
 35482 | Vaults:3 | Found Ecsihaat's Jewellery Shoppe.
 35530 | Vaults:3 | Found a staircase to the Crypt.
 36174 | Vaults:4 | Received a gift from Trog
 36592 | Vaults:4 | Received a gift from Trog
 37433 | Depths:1 | Entered Level 1 of the Depths
 37441 | D:15     | Gained mutation: Your magical and physical power is enhanced at high health. [demonic ancestry]
 37441 | D:15     | Reached XP level 21. HP: 191/191 MP: 31/31
 37667 | Depths:1 | Received a gift from Trog
 37745 | Depths:1 | Noticed Nikola
 37756 | Depths:1 | Killed Nikola
 37834 | Depths:1 | Found a gateway to Hell.
 37869 | Depths:1 | Received a gift from Trog
 37881 | Depths:1 | Reached skill level 10 in Stealth
 38354 | Depths:1 | Found a runed door.
 38642 | Depths:1 | Received a gift from Trog
 39059 | Elf:1    | Entered Level 1 of the Elven Halls
 39704 | Elf:2    | Received a gift from Trog
 40193 | Elf:2    | Found a huge runed gate.
 40193 | Elf:2    | Found a huge runed gate.
 40194 | Elf:2    | Found a huge runed gate.
 40195 | Elf:2    | Found a huge runed gate.
 40204 | Elf:2    | Found a huge runed gate.
 40214 | Elf:2    | Received a gift from Trog
 40580 | Elf:3    | Entered Level 3 of the Elven Halls
 40721 | Elf:3    | Found a frozen archway.
 40734 | IceCv    | Entered an ice cave
 41063 | IceCv    | Reached XP level 22. HP: 202/202 MP: 32/32
 41564 | Elf:3    | Received a gift from Trog
 41727 | Elf:3    | Killed from afar by a deep elf annihilator

Vault maps used:
D:1:      dpeg_arrival_rhombus, st_stairs_12
D:2:      uniq_jessica, uniq_natasha
D:3:      portal_sewer_entry_f, tso_altar
D:4:      grunt_temple_overflow_forces_of_nature,
          minmay_temple_entry_enclosed_plants, first_bread,
          grunt_dithmenos_smoke_and_mirrors
D:5:      serial_co_window_serial, co_window_paths_b, co_window_corner_a,
          co_window_paths_a, co_window_paths_b, co_window_of_opportunity_a,
          co_window_unsneaky_path_d, co_window_corner_ca, co_window_2corner,
          co_window_broadway_b, co_window_2corner, co_window_2corner,
          co_window_4corner_a, glass_columns_a, enter_ossuary_3
D:6:      marbit_many_paths, uniq_edmund
D:7:      erik_1, serial_shops, shop_coins, grunt_livestock
D:8:      grunt_temple_overflow_open, hangedman_decor_diamond_cutter,
          david_defended_altar_orc
D:9:      lemuel_ogre_cave, tgw_xom, overflow_temple_1_default,
          minmay_lair_entry_grove, serial_glass, glass_columns_a,
          glass_columns_a, serial_shops, shop_statue, minivault_19
D:11:     minmay_unpleasant_kobolds, uniq_nergalle
D:12:     serial_shops, nicolae_shop_crystal,
          nicolae_shop_competitors_out_of_business, shop,
          minmay_gold_behind_fungi, uniq_maurice, uniq_sonja
D:13:     david_vaults_2, lab_entry_generic, serial_shops, shop,
          nicolae_shop_trees, kennysheep_mini_moat, shop_statue,
          nicolae_shop_temple_entry_statues_fountains, uniq_snorg, uniq_kirke,
          uniq_erolcha
D:14:     solitary_fountain, hangedman_decor_slide_cut
D:15:     gammafunk_enter_depths_forms, special_room
Lair:1:   hangedman_lair_generics_rect
Lair:2:   serial_bayou_pond_c
Lair:3:   uniq_rupert
Lair:4:   swamp_mist, nicolae_spider_entry_orb_guardian, serial_bayou,
          serial_bayou_pond_d, serial_bayou_shore_a, serial_bayou_ford_a,
          serial_bayou_crossing, grunt_megastairs_1, lemuel_fruit_tree
Lair:6:   statuecave_lemuel
Lair:7:   minivault_27, st_stairs_5, infiniplex_staircase_pool_2
Lair:8:   minmay_lair_end_frog_pond, slime_altar_1, kennysheep_snail_temple
Spider:1: einodemon_crawler_minivault
Spider:2: nicolae_spider_mines_2, uniq_aizul, uniq_wiglaf, uniq_arachne
Spider:4: guppyfry_spider_rune, guppyfry_spider_mini_3
Orc:1:    basic_altar
Orc:2:    st_orc_congregation, serial_shops, nicolae_shop_window_shopping,
          lemuel_statue_altar
Elf:1:    hangedman_corner_corridor, nicolae_elf_w_pinch, nrook_mini_backslash
Elf:2:    lemuel_flamethrower_3, basic_stair_grate_trap
Elf:3:    minmay_elf_hall_circle, portal_ice_cave_demonic_guard
Vaults:1: ontoclasm_vaults_hangar, v_rooms_1, v_misc_32, v_rooms_2, v_misc_2,
          nicolae_vaults_quadrants, v_misc_19, vaults_room_corners, v_misc_11,
          ontoclasm_vaults_ligature, vaults_room_semicircle, uniq_saint_roka,
          uniq_asterion
Vaults:2: hangedman_vaults_corner, vaults_room_pool, v_pattern_3,
          vaults_room_corners, grunt_vaults_hallway_long,
          nicolae_vaults_little_squares_4, ontoclasm_vaults_spin,
          hangedman_vaults_stretched_pinwheel
Vaults:3: minmay_crypt_entry_simple_walls, nicolae_vaults_lopsided_apartments,
          stair_cage_open, nicolae_vaults_border_crossing, ontoclasm_vaults_eye,
          hangedman_vaults_maws, vaults_room_grid, vaults_mumra_hex,
          vaults_mumra_hexcomb, ontoclasm_vaults_pinch, nicolae_vaults_asterisk,
          dpeg_vaults_monster_row, grunt_vaults_focal, mu_enter_wizlab_4,
          serial_shops, shop
Vaults:4: nicolae_vaults_circle_grid_b, hangedman_vaults_pinch,
          hangedman_vaults_nodes, nicolae_vaults_minivaults,
          nicolae_vaults_stairing_the_circle, nicolae_vaults_little_squares_2,
          serial_ice_h, vaults_room_semicircle, nicolae_vaults_three_branches,
          hangedman_vaults_trim, nicolae_vaults_rhombus_7
Depths:1: minmay_misc_feat_pillars, pf_hell_entry_tar_spiral,
          minmay_variable_closet, lightli_giant_bouncers, uniq_nikola
Abyss:2:  hangedman_illusive_loot
Abyss:3:  evilmike_abyss_rune_elephants, minivault_4, minivault_1
Lab:      nicolae_lab_hexagon, nicolae_lab_grate, labyrinth_lava_lair,
          nicolae_lab_garden, nicolae_lab_arrow, labyrinth_skeletal_remains
Sewer:    sewer_the_crocodile
Ossuary:  ossuary_zaba_two_paths
IceCv:    ice_cave_caverns_03
WizLab:   wizlab_golubria

Action                   |  1- 3 |  4- 6 |  7- 9 | 10-12 | 13-15 | 16-18 | 19-21 | 22-24 || total
-------------------------+-------+-------+-------+-------+-------+-------+-------+-------++-------
Melee: Hand axe          |    66 |   202 |   395 |    24 |   457 |    16 |       |       ||  1160
       Unarmed           |       |     2 |       |       |       |       |       |       ||     2
       War axe           |       |       |   145 |   349 |       |       |       |       ||   494
       Battleaxe         |       |       |       |    67 |       |       |       |       ||    67
       Executioner's axe |       |       |       |       |   645 |  1016 |  1103 |    61 ||  2825
       Arbalest          |       |       |       |       |       |     1 |       |       ||     1
 Fire: Arbalest          |       |       |       |       |       |    58 |    69 |    16 ||   143
Throw: Javelin           |       |       |     3 |    16 |    23 |    21 |    13 |     7 ||    83
       Tomahawk          |       |       |       |       |       |     4 |       |       ||     4
Invok: Berserk           |     4 |     5 |     6 |     3 |     4 |     7 |     2 |       ||    31
       Trog's Hand       |       |     2 |     2 |     3 |     6 |    11 |    15 |     2 ||    41
       Brothers in Arms  |       |       |       |     2 |     1 |     3 |     2 |       ||     8
       Burn Spellbooks   |       |       |       |       |     2 |     1 |     7 |       ||    10
 Abil: Evoke Flight      |       |       |       |     2 |     2 |       |       |       ||     4
Evoke: Wand              |       |       |       |       |     3 |     7 |     4 |       ||    14
  Use: Scroll            |     1 |     5 |    16 |     9 |    19 |     7 |    14 |     2 ||    73
       Potion            |       |       |     2 |     6 |     7 |    10 |     2 |     4 ||    31
 Stab: Sleeping          |       |     1 |       |     2 |     7 |       |       |       ||    10
       Distracted        |       |       |     1 |     3 |     6 |     7 |    11 |       ||    28
  Eat: Chunk             |     3 |     8 |    11 |    16 |    19 |    25 |     7 |       ||    89
       Bread ration      |       |     1 |     2 |       |       |     1 |     1 |       ||     5
       Fruit             |       |       |     1 |     2 |     6 |       |     3 |       ||    12
       Beef jerky        |       |       |     1 |       |     7 |     2 |       |       ||    10
       Pizza             |       |       |       |     1 |     1 |     7 |     3 |       ||    12
       Royal jelly       |       |       |       |       |     3 |     1 |     7 |       ||    11
